 Dungeon Crawl Stone Soup version 0.19-a0-1932-g59670f6 (webtiles) character file.

64 varam the Sneak (level 3, -9/16 HPs)
             Began as a Spriggan Enchanter on Oct 25, 2016.
             Killed by divine providence
             ... invoked by an orc priest
              (10 damage)
             ... on level 3 of the Dungeon.
             The game lasted 00:04:00 (1048 turns).

varam the Sneak (Spriggan Enchanter)                Turns: 1048, Time: 00:04:01

Health: -9/16      AC:  3    Str:  4    XL:     3   Next: 91%
Magic:  1/8        EV: 18    Int: 17    God:
Gold:   58         SH:  0    Dex: 16    Spells: 3 memorised, 1 level left

rFire  . . .     SeeInvis +     a - +1 dagger
rCold  . . .     Gourm    .     b - +1 robe
rNeg   . . .     Faith    .     (shield restricted)
rPois  .         Spirit   .     (helmet restricted)
rElec  .         Reflect  .     (no cloak)
rCorr  .         Harm     .     (gloves unavailable)
MR     .....                    (boots unavailable)
Stlth  +++.......               (no amulet)
                                (no ring)
                                (no ring)

@: very slightly contaminated, very quick
A: unfitting armour, see invisible, herbivore 3, speed 3, slow metabolism 2
a: no special abilities


You were on level 3 of the Dungeon.
You were not hungry.

You visited 1 branch of the dungeon, and saw 4 of its levels.

You collected 58 gold pieces.

Inventory:

Hand Weapons
 a - a +1 dagger (weapon)
 n - a +2 vampiric whip
Missiles
 g - 14 stones (quivered)
Armour
 b - a +1 robe (worn)
Jewellery
 i - a cursed amulet of inaccuracy {unknown}
Scrolls
 h - a scroll of remove curse {unknown}
 j - a scroll of fog {unknown}
 k - a scroll of magic mapping {unknown}
 l - a scroll of fear {unknown}
Potions
 e - a potion of might {unknown}
 f - 2 potions of heal wounds {unknown}
 m - a potion of curing {unknown}
Books
 c - a book of Maledictions

   Spells                             Type                      Level
   a - Corona                         Hexes                        1
   b - Ensorcelled Hibernation        Hexes/Ice                    2
   c - Confuse                        Hexes                        3
   d - Tukima's Dance                 Hexes                        3
   e - Dazzling Spray                 Conjuration/Hexes            3
Comestibles
 d - a bread ration


   Skills:
 + Level 2.5 Short Blades
 - Level 3.0 Dodging
 + Level 6.5 Stealth
 - Level 2.6 Spellcasting
 - Level 3.6 Hexes
 - Level 0.1 Ice Magic


You had one spell level left.
You knew the following spells:

 Your Spells              Type           Power        Failure   Level  Hunger
a - Ensorcelled Hibernat  Hex/Ice        #.....       14%         2    ##.....
b - Corona                Hex            ##.....      4%          1    #......
c - Confuse               Hex            ##......     14%         3    ###....


Dungeon Overview and Level Annotations

Branches:
Dungeon (4/15)
 Temple: D:4-7

Altars:

Annotations:
D:2 Terence
D:3 Jessica
D:4 p0werm0de's ghost, amateur FoMo


Innate Abilities, Weirdness & Mutations

You are very small and have problems with some larger weapons.
You are too small for most types of armour.
You have supernaturally acute eyesight. (SInv)
You are a herbivore.
You cover ground extremely quickly.
You need consume almost no food.


Message History

The jackal barely misses you. The orc barely misses you.
You hit the jackal but do no damage.
The jackal is heavily wounded.
The jackal bites you. The jackal misses you. The orc hits you with a dagger.
* * * LOW HITPOINT WARNING * * *
Casting: Ensorcelled Hibernation
Confirm with . or Enter, or press ? or * to list all spells.
You don't have enough magic to cast that spell.
Unknown command.
You hit the jackal.
The jackal is heavily wounded.
The jackal completely misses you.
You hit the jackal but do no damage.
The jackal is heavily wounded.
The orc hits you with a dagger.
* * * LOW HITPOINT WARNING * * *
The orc priest mumbles some strange prayers to Beogh against you.
Beogh smites you!
Ouch! That really hurt!
You die...

#. #........... #.
####.>..h...... #.
##..g.g......... .
#.##..######...$..#
...###.#..##
..##### #.......##
..# !.#......#
##.#.#
###.##h###....#.#
#.


#@oooo# .# #. ####o.# #. .#..# #. o. ## .. o.. # .. .... ..# #o### . .# You
could see an orc priest, 4 orcs and a jackal.

Vanquished Creatures
  A hound (D:4)
  An adder (D:2)
  A worm (D:2)
  2 leopard geckos
  3 bats (D:2)
  4 goblins
  3 hobgoblins
  A frilled lizard (D:2)
  A kobold (D:2)
  4 rats
21 creatures vanquished.

Notes
Turn   | Place    | Note
-------+----------+-------------------------------------------
     0 | D:1      | varam the Spriggan Enchanter began the quest for the Orb.
     0 | D:1      | Reached XP level 1. HP: 9/9 MP: 5/5
    50 | D:3      | Noticed an ice beast
   142 | D:2      | Reached skill level 5 in Stealth
   202 | D:2      | Reached XP level 2. HP: 7/13 MP: 3/6
   208 | D:2      | Learned a level 2 spell: Ensorcelled Hibernation
   461 | D:2      | Noticed Terence
   727 | D:2      | Reached XP level 3. HP: 10/16 MP: 5/8
   732 | D:2      | Learned a level 3 spell: Confuse
   913 | D:3      | Reached skill level 6 in Stealth
   949 | D:3      | Noticed Jessica
   965 | D:4      | Noticed p0werm0de's ghost (amateur FoMo)
   975 | D:4      | Noticed an ogre
  1048 | D:3      | Killed from afar by an orc priest

Vault maps used:
D:1:      minmay_arrival_up_and_down, hangedman_decor_lopped, tso_altar
D:2:      first_bread, uniq_terence
D:3:      cheibriados_altar_1, uniq_jessica, uniq_sigmund
D:4:      marbit_many_paths

Skill      XL: |  1  2  3 |
---------------+----------+-----
Stealth        | 5 6 |  6.5
Short Blades   | 2 |  2.5
Dodging        | |  3.0
Spellcasting   | |  2.6
Hexes          | |  3.6
Ice Magic      | |  0.1

Action                   || total
-------------------------++-------
Melee: Dagger            ||   105
 Cast: Corona            ||     3
       Ensorcelled Hiber ||    14
       Confuse           ||     2
 Stab: Sleeping          ||     6
       Confused          ||     1
Armor: Robe              ||    13
Dodge: Dodged            ||   109
